 Dungeon Crawl Stone Soup version 0.21-a0-509-gecc5317 (webtiles) character file.

53 slep the Chopper (level 3, -2/28 HPs)
             Began as a Demonspawn Gladiator on Dec 1, 2017.
             Slain by a gnoll (3 damage)
             ... on level 2 of the Dungeon.
             The game lasted 00:02:40 (610 turns).

slep the Chopper (Demonspawn Gladiator)              Turns: 610, Time: 00:02:41

Health: -2/28      AC:  7    Str: 14    XL:     3   Next: 62%
Magic:  3/3        EV: 10    Int:  9    God:
Gold:   57         SH:  0    Dex: 15    Spells: 2/2 levels left

rFire    . . .     SeeInvis +   a - +0 war axe
rCold    . . .     Gourm    .   (no shield)
rNeg     . . .     Faith    .   g - +0 scale mail
rPois    .         Spirit   .   c - +0 helmet
rElec    .         Reflect  .   (no cloak)
rCorr    .         Harm     .   (no gloves)
MR       .....                  (no boots)
Stlth    ..........             (no amulet)
HPRegen  0.09/turn              h - ring of see invisible
MPRegen  0.08/turn              (no ring)

@: no status effects
A: demonic guardian 1
a: no special abilities


You were on level 2 of the Dungeon.
You were not hungry.

You visited 1 branch of the dungeon, and saw 2 of its levels.

You collected 57 gold pieces.

Inventory:

Hand Weapons
 a - a +0 war axe (weapon)
Missiles
 d - 3 throwing nets (quivered)
Armour
 b - a +0 leather armour
 c - a +0 helmet (worn)
 g - a +0 scale mail (worn)
Jewellery
 e - an uncursed ring of fire
 h - a ring of see invisible (left hand)
Scrolls
 i - a scroll of teleportation {unknown}
 l - 2 scrolls of identify {unknown}
 n - a scroll of remove curse {unknown}
Potions
 k - 2 potions of flight {unknown}
 m - a potion of lignification {unknown}
Comestibles
 f - a bread ration
 j - a fruit
 o - a royal jelly


   Skills:
 + Level 2.5 Fighting
 + Level 3.4 Axes
 + Level 1.8 Throwing
 + Level 0.4 Armour
 + Level 3.0 Dodging
 + Level 0.3 Stealth


You had 2 spell levels left.
You didn't know any spells.

Dungeon Overview and Level Annotations

Branches:
Dungeon (2/15)

Altars:


Innate Abilities, Weirdness & Mutations

A weak demonic guardian rushes to your aid.


Message History

The gnoll is moderately wounded.
The gnoll closely misses you.
You closely miss the gnoll.
The gnoll is moderately wounded.
The gnoll hits you with a spear.
* * * LOW HITPOINT WARNING * * *
You slash the gnoll!
You kill the gnoll!
The gnoll hits you but does no damage.
You hit the gnoll.
The gnoll is lightly wounded.
The gnoll hits you.
* * * LOW HITPOINT WARNING * * *
You hit the gnoll.
The gnoll is lightly wounded.
The gnoll misses you. The gnoll closely misses you.
You slash the gnoll!
The gnoll is severely wounded.
The gnoll hits you.
You die...

?.. #.# #.# ###########
#.# #.........# ...
#.#######.# #.# #.#
#.#### #g# #.#
#####....# #@# #.#
#........# #5# #.#
#.#......###.## #.#
#.#.#.#†.##...####
#.###.#.#.#..#.......#
#.........#........#..<.
........####.###<#...###
#####...####.# #.##### #
##.........# #.#


You could see a gnoll and a friendly white imp.

Vanquished Creatures
  2 gnolls (D:2)
  An ooze (D:1)
  A dart slug (D:1)
  A leopard gecko (D:1)
  A ball python (D:1)
  2 bats (D:1)
  2 giant cockroaches (D:1)
  3 goblins (D:1)
  A hobgoblin (D:1)
  4 jackals (D:1)
  3 frilled lizards (D:1)
  2 kobolds (D:1)
  6 rats
29 creatures vanquished.

Notes
Turn   | Place    | Note
-------+----------+-------------------------------------------
     0 | D:1      | slep the Demonspawn Gladiator began the quest for the Orb.
     0 | D:1      | Reached XP level 1. HP: 16/16 MP: 1/1
    63 | D:1      | Gained mutation: A weak demonic guardian rushes to your aid. [demonic ancestry]
    63 | D:1      | Reached XP level 2. HP: 22/22 MP: 2/2
   257 | D:1      | Reached XP level 3. HP: 15/28 MP: 3/3
   608 | D:2      | HP: 1/28 [gnoll (5)]
   610 | D:2      | Slain by a gnoll

Vault maps used:
D:1:      onia_arrival_handbag
D:2:      overflow_temple_1_default, marbit_many_paths, uniq_natasha

Skill      XL: |  1  2 |
---------------+-------+-----
Axes           | 3 |  3.4
Dodging        | 3 |  3.0
Fighting       | |  2.5
Throwing       | |  1.8
Armour         | |  0.4
Stealth        | |  0.3

Action                   || total
-------------------------++-------
Melee: War axe           ||    93
 Stab: Sleeping          ||     3
Armor: Leather armour    ||    14
       Scale mail        ||    29
Dodge: Dodged            ||    69

Table legend:
 A = Spawn XP
 B = Non-spawn XP
 C = Spawn XP percentage of total XP
 D = Spawn monster count
 E = Non-spawn monster count
 F = Spawn count percentage of total count
 G = Total turns spent on level
                    A         B        C        D         E        F      G
               +---------+---------+-------+---------+---------+-------+---------
         Total |       0 |      76 |   0.0 |       0 |      29 |   0.0 |   610
               +---------+---------+-------+---------+---------+-------+---------
           D:1 |       0 |      49 |   0.0 |       0 |      26 |   0.0 |   463
           D:2 |       0 |      27 |   0.0 |       0 |       3 |   0.0 |   147
               +---------+---------+-------+---------+---------+-------+---------
